[Event "FIDE Open Sachove Univerzity QCC"]
[Site "Ceske Budejovice"]
[Date "2020.07.08"]
[Round "8.9"]
[White "Josko, Jiri"]
[Black "Veverka, Vladimir"]
[Result "1/2-1/2"]
[ECO "D00"]
[WhiteElo "1649"]
[BlackElo "1644"]
[Annotator "NA"]
[PlyCount "38"]
[EventDate "2020.07.01"]
[EventType "swiss"]
[EventCountry "CZE"]
[SourceTitle "playchess.com"]
[Source "ChessBase"]
[SourceQuality "1"]
[TimeControl "40/5400+30:1800+30"]

1. d4 d5 2. Bf4 c5 3. e3 Nc6 4. c3 Nf6 5. h3 Qb6 6. Qc2 Bf5 7. dxc5 Bxc2 8. cxb6 e5 9. Bg3 a5 10. Bb5 Nd7 11. Nf3 f6 12. O-O Nxb6 13. Nbd2 Be7 14. Rac1 Bf5 15. c4 Bd3 16. Rfd1 Nxc4 17. Nxc4 Bxc4 18. Bxc4 dxc4 19. Rxc4 Kf7 1/2-1/2

[Event "FIDE Open Sachove Univerzity QCC"]
[Site "Ceske Budejovice"]
[Date "2020.07.08"]
[Round "8.10"]
[White "Dusanek, Michal"]
[Black "Matlocha, Lubomir"]
[Result "1-0"]
[ECO "B54"]
[WhiteElo "1500"]
[BlackElo "1646"]
[Annotator "NA"]
[PlyCount "97"]
[EventDate "2020.07.01"]
[EventType "swiss"]
[EventCountry "CZE"]
[SourceTitle "playchess.com"]
[Source "ChessBase"]
[SourceQuality "1"]
[TimeControl "40/5400+30:1800+30"]

1. e4 c5 2. Nf3 d6 3. d4 cxd4 4. Nxd4 Bd7 5. Be3 g6 6. Be2 Bg7 7. Nc3 Nc6 8. Qd2 a6 9. h4 h5 10. f3 Bh6 11. O-O-O Bxe3 12. Qxe3 Qb6 13. Nd5 Qd8 14. Qc3 f6 15. g4 Rc8 16. Qe3 Nxd4 17. Qxd4 Be6 18. Bc4 Bf7 19. g5 e5 20. Qd3 fxg5 21. hxg5 Qxg5+ 22. Kb1 Qd8 23. Ne3 Nf6 24. Bxf7+ Kxf7 25. Qxd6 Qxd6 26. Rxd6 Rhd8 27. Rhd1 Rxd6 28. Rxd6 Rc7 29. c3 Nh7 30. Kc2 Ng5 31. Nd5 Rc6 32. Rd7+ Kf8 33. Rxb7 Nxf3 34. Kd3 Ng5 35. Re7 Ne6 36. Ke3 Nf4 37. Rxe5 Nxd5+ 38. exd5 Rb6 39. b4 Kf7 40. a3 Kf6 41. Kf4 Kf7 42. c4 Rf6+ 43. Kg3 Rf1 44. d6 Rd1 45. c5 Rd3+ 46. Kg2 h4 47. c6 Rxd6 48. c7 Rd2+ 49. Kh3 1-0

[Event "FIDE Open Sachove Univerzity QCC"]
[Site "Ceske Budejovice"]
[Date "2020.07.08"]
[Round "8.11"]
[White "Pokora, Lubomir"]
[Black "Kamleiter, Noah"]
[Result "1/2-1/2"]
[ECO "A47"]
[WhiteElo "1800"]
[BlackElo "1463"]
[Annotator "NA"]
[PlyCount "73"]
[EventDate "2020.07.01"]
[EventType "swiss"]
[EventCountry "CZE"]
[SourceTitle "playchess.com"]
[Source "ChessBase"]
[SourceQuality "1"]
[TimeControl "40/5400+30:1800+30"]

1. d4 Nf6 2. Nf3 e6 3. e3 b6 4. Bd3 Bb7 5. Nbd2 d6 6. O-O Nbd7 7. Qe2 Be7 8. b3 O-O 9. Bb2 c5 10. Rfd1 Rc8 11. c4 Re8 12. Rac1 Bf8 13. Ne1 d5 14. cxd5 $11 exd5 15. dxc5 bxc5 16. Qf1 Ne5 17. Bb5 Bc6 18. Bxc6 Nxc6 19. Ndf3 Ne4 20. Nc2 Ng5 21. Nce1 Ne4 22. Nd3 Nb4 23. Nxb4 cxb4 24. Qb5 Rxc1 25. Rxc1 Bd6 26. g3 Be7 27. Bd4 Qa8 28. Rc7 a6 29. Qf1 Qb8 30. Qc1 Bd6 31. Rc2 h6 32. Ne1 Be5 33. Nf3 Bxd4 34. Nxd4 Nc3 35. Qf1 Qb7 36. Qd3 g6 37. h4 1/2-1/2

[Event "FIDE Open Sachove Univerzity QCC"]
[Site "Ceske Budejovice"]
[Date "2020.07.08"]
[Round "8.12"]
[White "Zachar, Jaroslav"]
[Black "Dudkova, Josefina"]
[Result "1-0"]
[ECO "A52"]
[WhiteElo "1831"]
[BlackElo "1447"]
[Annotator "NA"]
[PlyCount "47"]
[EventDate "2020.07.01"]
[EventType "swiss"]
[EventCountry "CZE"]
[SourceTitle "playchess.com"]
[Source "ChessBase"]
[SourceQuality "1"]
[TimeControl "40/5400+30:1800+30"]

1. d4 Nf6 2. c4 e5 3. dxe5 Ng4 4. Nf3 Bc5 5. e3 Nc6 6. a3 a6 {[%emt 0:13:02] A52: Budapest Gambit.} 7. b4 Ba7 8. Bb2 {[%emt 0:00:38] [#]} O-O $146 ({Predecessor:} 8... f6 9. exf6 Nxf6 10. Nc3 Ne7 11. Bd3 d5 12. cxd5 Nexd5 13. Nxd5 Nxd5 14. Qb3 c6 {½-½ (29) Celik,A (1793)-Wernke Schmiesing,S (1475) Verden 2010}) 9. b5 axb5 10. cxb5 Ne7 11. Bd3 Nh6 12. Qc2 Kh8 13. Nbd2 Ng6 14. h4 Re8 (14... d6 $142 15. exd6 cxd6) 15. Ne4 c6 16. Nd6 Re7 17. Ng5 Qf8 18. Bxg6 fxg6 19. h5 $18 Nf5 20. hxg6 h6 21. Nxf5 Re8 22. Rxh6+ gxh6 23. g7+ Qxg7 24. Nxg7 1-0

[Event "FIDE Open Sachove Univerzity QCC"]
[Site "Ceske Budejovice"]
[Date "2020.07.08"]
[Round "8.13"]
[White "Finek, Vaclav"]
[Black "Petkov, Andon"]
[Result "1-0"]
[ECO "B00"]
[WhiteElo "2210"]
[BlackElo "1776"]
[Annotator "ChessBase"]
[PlyCount "75"]
[EventDate "2020.07.01"]
[EventType "swiss"]
[EventCountry "CZE"]
[SourceTitle "playchess.com"]
[Source "ChessBase"]
[SourceQuality "1"]
[TimeControl "40/5400+30:1800+30"]

1. e4 Nc6 2. Nf3 d6 3. d4 Nf6 4. Nc3 Bg4 5. Be2 e6 6. O-O d5 7. exd5 exd5 8. Bg5 Be7 9. h3 Bh5 10. Re1 O-O 11. a3 Re8 12. g4 Bg6 13. Bb5 a6 14. Ba4 h6 15. Bh4 Ne4 16. Nxe4 Bxe4 17. Bxe7 Rxe7 18. Bxc6 bxc6 19. Ne5 Qd6 20. Nd3 Qf6 21. Nc5 Rae8 22. Nxe4 Rxe4 23. Rxe4 Rxe4 24. c3 h5 25. f3 Rf4 26. Kg2 hxg4 27. hxg4 Qg5 28. Qe2 Rf6 29. Qe8+ Kh7 30. Rh1+ Kg6 31. Qe2 Re6 32. Qd3+ Kf6 33. Kg3 Ke7 34. Qxa6 Qd2 35. Qc8 g5 36. Qxc7+ Kf6 37. Rh6+ Kg7 38. Rxe6 1-0

[Event "FIDE Open Sachove Univerzity QCC"]
[Site "Ceske Budejovice"]
[Date "2020.07.08"]
[Round "8.14"]
[White "Valasek, Jakub"]
[Black "Roubal, Matyas"]
[Result "0-1"]
[ECO "C56"]
[WhiteElo "1688"]
[BlackElo "1443"]
[Annotator "NA"]
[PlyCount "62"]
[EventDate "2020.07.01"]
[EventType "swiss"]
[EventCountry "CZE"]
[SourceTitle "playchess.com"]
[Source "ChessBase"]
[SourceQuality "1"]
[TimeControl "40/5400+30:1800+30"]

1. e4 e5 2. Nf3 Nc6 3. d4 exd4 4. Bc4 Nf6 5. e5 d5 6. Bb5 Ne4 7. Nxd4 Bd7 8. Bxc6 bxc6 9. O-O Bc5 10. c3 O-O 11. f3 Ng5 12. Be3 Rb8 13. b4 Bb6 14. Qd2 Ne6 15. f4 Nxd4 16. cxd4 Bf5 17. a4 a6 18. Qe2 a5 19. g4 Be4 20. Qe1 axb4 21. f5 f6 22. exf6 Qxf6 23. Qf2 Rbe8 24. Nd2 Bd3 25. Rfe1 Rxe3 26. Rxe3 Qxd4 27. Rae1 Qxg4+ 28. Kh1 Qxf5 29. Qxf5 Rxf5 30. Re6 Rf2 31. Nb3 Bc4 0-1

[Event "FIDE Open Sachove Univerzity QCC"]
[Site "Ceske Budejovice"]
[Date "2020.07.08"]
[Round "8.15"]
[White "Macho, Miloslav"]
[Black "Stary, Vojtech"]
[Result "1-0"]
[ECO "C47"]
[WhiteElo "1671"]
[BlackElo "1422"]
[Annotator "NA"]
[PlyCount "109"]
[EventDate "2020.07.01"]
[EventType "swiss"]
[EventCountry "CZE"]
[SourceTitle "playchess.com"]
[Source "ChessBase"]
[SourceQuality "1"]
[TimeControl "40/5400+30:1800+30"]

1. e4 e5 2. Nc3 Nf6 3. Nf3 Nc6 4. g3 Be7 5. Bg2 O-O 6. O-O d6 7. d3 Bg4 8. h3 Bh5 9. g4 Bg6 10. Nd5 Nxd5 11. exd5 Nb8 12. Nh2 Nd7 13. Qe2 Bg5 14. Bxg5 Qxg5 15. Nf3 Qf4 16. Nh4 Rae8 17. Rae1 Qg5 18. Nxg6 Qxg6 19. Kh2 Nf6 20. Be4 Nxe4 21. Qxe4 Qxe4 22. dxe4 g6 23. f4 f6 24. f5 g5 25. Re3 a5 26. Ra3 b6 27. Rc3 Re7 28. Rff3 Rff7 29. Kg3 h6 30. Rc6 Kf8 31. a3 Ke8 32. b4 axb4 33. axb4 Rd7 34. Ra3 Rfe7 35. h4 Kf7 36. Ra7 Kg7 37. h5 Kf7 38. Kf3 Ke8 39. Ke3 Rf7 40. Kd3 Rde7 41. Kc4 Kd8 42. Ra8+ Kd7 43. Kb5 Rg7 44. Ka6 Re8 45. Ra7 Kd8 46. Kb7 Rd7 47. Ra8+ Ke7 48. Rxe8+ Kxe8 49. Rxc7 Rd8 50. Rc8 Kd7 51. Rxd8+ Kxd8 52. Kxb6 Kd7 53. Kb7 Kd8 54. Kc6 Ke7 55. Kc7 1-0

[Event "FIDE Open Sachove Univerzity QCC"]
[Site "Ceske Budejovice"]
[Date "2020.07.08"]
[Round "8.16"]
[White "Rolinkova, Adela"]
[Black "Cipera, Josef"]
[Result "1/2-1/2"]
[ECO "B28"]
[WhiteElo "1360"]
[BlackElo "1612"]
[Annotator "NA"]
[PlyCount "43"]
[EventDate "2020.07.01"]
[EventType "swiss"]
[EventCountry "CZE"]
[SourceTitle "playchess.com"]
[Source "ChessBase"]
[SourceQuality "1"]
[TimeControl "40/5400+30:1800+30"]

1. e4 c5 2. Nf3 a6 3. c3 d5 4. e5 Nc6 5. d4 Bg4 6. Be2 Bxf3 7. Bxf3 e6 8. O-O Qb6 9. dxc5 Bxc5 10. b4 Be7 11. Be3 Qc7 12. a3 Nxe5 13. Bd4 Nxf3+ 14. Qxf3 Nf6 15. Nd2 O-O 16. Rfe1 Rac8 17. Rac1 Ne8 18. Nb3 Bd6 19. g3 e5 20. Bc5 b6 21. Bxd6 Qxd6 22. Qf5 1/2-1/2

[Event "FIDE Open Sachove Univerzity QCC"]
[Site "Ceske Budejovice"]
[Date "2020.07.08"]
[Round "8.17"]
[White "Kroulik, Vaclav"]
[Black "Kaucky, Jaroslav"]
[Result "1-0"]
[ECO "C45"]
[WhiteElo "1442"]
[BlackElo "1573"]
[Annotator "NA"]
[PlyCount "87"]
[EventDate "2020.07.01"]
[EventType "swiss"]
[EventCountry "CZE"]
[SourceTitle "playchess.com"]
[Source "ChessBase"]
[SourceQuality "1"]
[TimeControl "40/5400+30:1800+30"]

1. e4 e5 2. Nf3 Nc6 3. d4 exd4 4. Nxd4 Bc5 5. Be3 Nxd4 6. Bxd4 Bxd4 7. Qxd4 Qf6 8. e5 Qe6 9. Bc4 Qg6 10. O-O Ne7 11. Bd3 Qe6 12. Nc3 Nc6 13. Qh4 a6 14. Rae1 b6 15. f4 Bb7 16. f5 Qh6 17. Qg4 O-O-O 18. e6 f6 19. Qe2 Nd4 20. Qf2 dxe6 21. fxe6 Qg5 22. Ne4 Bxe4 23. Bxa6+ Kb8 24. Rxe4 Qc5 25. c3 Nc6 26. Qxc5 bxc5 27. e7 Rde8 28. Bb5 Kb7 29. Re6 Nd8 30. exd8=Q Rxd8 31. Rfe1 Rd2 32. R6e2 Rd5 33. Bc4 Rd7 34. Re7 Rd2 35. R1e2 Rd1+ 36. Kf2 g5 37. Rf7 Rd6 38. Ke1 Rhd8 39. Rxh7 f5 40. Rh5 Rg6 41. Re5 Rgd6 42. Rxg5 Rd1+ 43. Kf2 R8d2+ 44. Re2 1-0

[Event "FIDE Open Sachove Univerzity QCC"]
[Site "Ceske Budejovice"]
[Date "2020.07.08"]
[Round "8.18"]
[White "Janouskova, Adela"]
[Black "Chmelik, Benedikt"]
[Result "1/2-1/2"]
[ECO "B22"]
[WhiteElo "1377"]
[BlackElo "1571"]
[Annotator "NA"]
[PlyCount "60"]
[EventDate "2020.07.01"]
[EventType "swiss"]
[EventCountry "CZE"]
[SourceTitle "playchess.com"]
[Source "ChessBase"]
[SourceQuality "1"]
[TimeControl "40/5400+30:1800+30"]

1. e4 c5 2. c3 d6 3. d4 Nf6 4. Bd3 Nbd7 5. Nf3 e6 6. O-O Be7 7. Be3 O-O 8. Nbd2 a6 9. Qc2 Ng4 10. Bf4 e5 11. dxe5 Ngxe5 12. Be2 b5 13. Rad1 Qc7 14. Bg3 Nxf3+ 15. Nxf3 Ne5 16. Nxe5 dxe5 17. Rd5 Bf6 18. Rfd1 Be6 19. R5d2 Rfd8 20. Rxd8+ Rxd8 21. Rxd8+ Qxd8 22. b3 Kf8 23. h3 g6 24. a4 c4 25. bxc4 Bxc4 26. axb5 axb5 27. Bxc4 bxc4 28. Qa4 Qd3 29. Qb4+ Kg7 30. f3 Qd1+ 1/2-1/2

[Event "FIDE Open Sachove Univerzity QCC"]
[Site "Ceske Budejovice"]
[Date "2020.07.08"]
[Round "8.20"]
[White "Straka, Zdenek"]
[Black "Kral, Ladislav"]
[Result "1/2-1/2"]
[ECO "D17"]
[WhiteElo "1812"]
[BlackElo "1493"]
[Annotator "NA"]
[PlyCount "130"]
[EventDate "2020.07.01"]
[EventType "swiss"]
[EventCountry "CZE"]
[SourceTitle "playchess.com"]
[Source "ChessBase"]
[SourceQuality "1"]
[TimeControl "40/5400+30:1800+30"]

1. d4 d5 2. c4 c6 3. Nf3 Nf6 4. Nc3 dxc4 5. a4 Bf5 6. Ne5 e6 7. Nxc4 Nbd7 8. f3 h6 {[%emt 0:14:03] D17: Slav Defence: 5 a4 Bf5: Lines with 6 Nh4 and 6 Ne5.} (8... Bb4 $14) 9. e4 Bh7 10. Be3 Be7 11. Be2 O-O 12. O-O Nb6 13. Ne5 Nbd7 14. Nc4 (14. Nd3 $14) 14... Nb6 $1 15. Qb3 Nxc4 16. Bxc4 Qb6 {[%emt 0:03:33] [#]} 17. Qa2 $146 ({Predecessor:} 17. Rfd1 Qxb3 18. Bxb3 Rfd8 19. Rd2 Bb4 20. Rad1 Rd7 21. Rc2 Rad8 22. Rcc1 Ba5 23. Kf2 Bb6 24. Ne2 g5 25. h4 {½-½ (51) Antunes,L-Rouanet,L (2033) Sao Paulo 2011}) 17... Rad8 18. Bf2 Qc7 19. Rfd1 Rd7 20. Rac1 Qb8 21. d5 exd5 22. exd5 cxd5 23. Nxd5 Nxd5 24. Rxd5 Rxd5 25. Bxd5 Bd6 26. g3 Bg6 27. Qc4 Bf5 28. Kg2 Rc8 29. Qf1 Rxc1 30. Qxc1 b6 31. Qc6 Kf8 32. g4 Bg6 33. h3 Qc7 34. Qb5 f6 35. Bc6 Qd8 36. Qd5 Qe7 37. a5 bxa5 38. Qxa5 Bb8 39. Bc5 Bd6 40. Bxa7 Qe2+ (40... Bf7 $16) 41. Bf2 Qe5 $2 (41... Be8) 42. Qa8+ Ke7 $2 (42... Bb8 $1 $14) 43. Qb7+ Kf8 44. Qc8+ Ke7 45. Qd7+ Kf8 46. Qc8+ Ke7 {[%emt 0:00:29] [#]} 47. Qb7+ $2 ({White must play} 47. f4 $1 $18 Qe6 (47... Qxf4 48. Qd7+) 48. Qb7+ Kf8 {[#]} 49. f5 $1 {[%mdl 576] Double Attack}) 47... Kf8 {[%emt 0:00:29] [#]} 48. Qb3 $2 (48. f4 $1 $18 Qe2 49. Qc8+ Be8 50. Qxe8+ Qxe8 51. Bxe8 Kxe8 52. Kf3) 48... Qh2+ 49. Kf1 Qxh3+ 50. Ke2 Qh2 51. Qe3 Qe5 52. Qxe5 Bxe5 53. b4 Ke7 54. Bc5+ Bd6 55. Ke3 Ke6 56. f4 Ke7 57. f5 Bf7 58. Bxd6+ $11 Kxd6 59. Bf3 Be8 60. Kd4 g6 61. fxg6 Bxg6 62. b5 Kc7 63. Kc5 f5 64. b6+ Kb8 65. gxf5 Bxf5 1/2-1/2

[Event "FIDE Open Sachove Univerzity QCC"]
[Site "Ceske Budejovice"]
[Date "2020.07.08"]
[Round "8.21"]
[White "Zezula, Jakub"]
[Black "Huemer, Gerald"]
[Result "1-0"]
[ECO "B41"]
[WhiteElo "1449"]
[BlackElo "1721"]
[Annotator "NA"]
[PlyCount "35"]
[EventDate "2020.07.01"]
[EventType "swiss"]
[EventCountry "CZE"]
[SourceTitle "playchess.com"]
[Source "ChessBase"]
[SourceQuality "1"]
[TimeControl "40/5400+30:1800+30"]

1. e4 c5 2. Nf3 d6 3. d4 cxd4 4. Nxd4 a6 5. c4 e6 6. Nc3 Nf6 7. Be3 Be7 8. Be2 Nbd7 9. O-O O-O 10. Qd2 Qc7 11. Rac1 b6 12. f3 Ne5 13. Rfd1 Bb7 14. b3 Rfd8 15. Qe1 d5 16. cxd5 exd5 17. Nxd5 Qd6 18. Nf5 1-0

[Event "FIDE Open Sachove Univerzity QCC"]
[Site "Ceske Budejovice"]
[Date "2020.07.08"]
[Round "8.22"]
[White "Svejda, Karel"]
[Black "Smola, David"]
[Result "0-1"]
[ECO "C53"]
[WhiteElo "1387"]
[BlackElo "1649"]
[Annotator "NA"]
[PlyCount "53"]
[EventDate "2020.07.01"]
[EventType "swiss"]
[EventCountry "CZE"]
[SourceTitle "playchess.com"]
[Source "ChessBase"]
[SourceQuality "1"]
[TimeControl "40/5400+30:1800+30"]

1. e4 e5 2. Nf3 Nc6 3. d4 exd4 4. Bc4 Bc5 5. c3 Qe7 6. O-O dxc3 7. Nxc3 h6 8. Bf4 d6 9. e5 Be6 10. Nd5 Qd7 11. exd6 Bxd6 12. Bxd6 Qxd6 13. Qd3 O-O-O 14. Rfd1 Na5 15. b3 Nxc4 16. bxc4 Nf6 17. Qd4 c5 18. Qb2 Nxd5 19. cxd5 Bxd5 20. Qxg7 Rdg8 21. Qc3 Qc6 22. Rd3 b6 23. Rad1 Bxf3 24. Rxf3 Rd8 25. Rfd3 Rd6 26. Qd2 Rxd3 27. Qxd3 0-1

[Event "FIDE Open Sachove Univerzity QCC"]
[Site "Ceske Budejovice"]
[Date "2020.07.08"]
[Round "8.23"]
[White "Svadlenka, Michal"]
[Black "Trcka, Bohdan"]
[Result "*"]
[ECO "C45"]
[WhiteElo "1395"]
[BlackElo "1528"]
[Annotator "NA"]
[PlyCount "39"]
[EventDate "2020.07.01"]
[EventType "swiss"]
[EventCountry "CZE"]
[SourceTitle "playchess.com"]
[Source "ChessBase"]
[SourceQuality "1"]
[TimeControl "40/5400+30:1800+30"]

1. e4 e5 2. Nf3 d6 3. d4 exd4 4. Nxd4 Nc6 5. Nxc6 bxc6 6. Bc4 Be6 7. Bxe6 fxe6 8. Nc3 Rb8 9. O-O Be7 10. Qh5+ g6 11. Qg4 Qd7 12. b3 e5 13. Qxd7+ Kxd7 14. f4 exf4 15. Rxf4 Rf8 16. Rxf8 Bxf8 17. Bb2 Bg7 18. Rf1 Nh6 19. Nd1 Rg8 20. h3 *

[Event "FIDE Open Sachove Univerzity QCC"]
[Site "Ceske Budejovice"]
[Date "2020.07.08"]
[Round "8.23"]
[White "Svadlenka, Michal"]
[Black "Trcka, Bohdan"]
[Result "1-0"]
[ECO "C45"]
[WhiteElo "1395"]
[BlackElo "1528"]
[Annotator "NA"]
[PlyCount "56"]
[EventDate "2020.07.01"]
[EventType "swiss"]
[EventCountry "CZE"]
[SourceTitle "playchess.com"]
[Source "ChessBase"]
[SourceQuality "1"]
[TimeControl "40/5400+30:1800+30"]

1. e4 e5 2. Nf3 d6 3. d4 exd4 4. Nxd4 Nc6 5. Nxc6 bxc6 6. Bc4 Be6 7. Bxe6 fxe6 8. Nc3 Rb8 9. O-O Be7 10. Qh5+ g6 11. Qg4 Qd7 12. b3 e5 13. Qxd7+ Kxd7 14. f4 exf4 15. Rxf4 Rf8 16. Rxf8 Bxf8 17. Bb2 Bg7 18. Rf1 Nh6 19. Nd1 Rg8 20. Bxg7 Rxg7 21. h3 Nf7 22. Nf2 Ng5 23. h4 Ne6 24. Nd3 Nd4 25. c4 Ne2+ 26. Kh2 Re7 27. Nc1 Nc3 28. Re1 Nxe4 1-0

[Event "FIDE Open Sachove Univerzity QCC"]
[Site "Ceske Budejovice"]
[Date "2020.07.08"]
[Round "8.24"]
[White "Strapec, Lukas"]
[Black "Svadlenka, Dominik"]
[Result "1-0"]
[ECO "A01"]
[WhiteElo "1525"]
[BlackElo "1350"]
[Annotator "NA"]
[PlyCount "69"]
[EventDate "2020.07.01"]
[EventType "swiss"]
[EventCountry "CZE"]
[SourceTitle "playchess.com"]
[Source "ChessBase"]
[SourceQuality "1"]
[TimeControl "40/5400+30:1800+30"]

1. b3 g6 2. Bb2 Nf6 3. Bxf6 exf6 4. Nc3 Bg7 5. d4 f5 6. e3 O-O 7. Nf3 b6 8. Be2 Bb7 9. Qd2 Re8 10. O-O d5 11. Bb5 c6 12. Be2 Nd7 13. a4 a5 14. Na2 g5 15. c4 g4 16. Ne1 h5 17. f4 h4 18. cxd5 Nf6 19. dxc6 Bxc6 20. Nc3 Bd5 21. Bc4 Bxc4 22. bxc4 Rc8 23. Qd3 Qe7 24. Nc2 Qd7 25. Nb5 Ne4 26. Rac1 Re7 27. d5 Bb2 28. Rb1 Nc5 29. Qd2 Nxa4 30. Nca3 Bg7 31. Nd4 Nc5 32. Rxb6 Qa7 33. Rc6 Bxd4 34. Rxc8+ Kh7 35. Qxd4 1-0

[Event "FIDE Open Sachove Univerzity QCC"]
[Site "Ceske Budejovice"]
[Date "2020.07.08"]
[Round "8.25"]
[White "Jodas, Daniel"]
[Black "Havelkova, Beata"]
[Result "1/2-1/2"]
[ECO "D91"]
[WhiteElo "1608"]
[BlackElo "1394"]
[Annotator "NA"]
[PlyCount "40"]
[EventDate "2020.07.01"]
[EventType "swiss"]
[EventCountry "CZE"]
[SourceTitle "playchess.com"]
[Source "ChessBase"]
[SourceQuality "1"]
[TimeControl "40/5400+30:1800+30"]

1. d4 Nf6 2. Nf3 g6 3. c4 Bg7 4. Nc3 d5 5. Bg5 Ne4 6. Bf4 Nxc3 7. bxc3 Na6 8. e3 c6 9. cxd5 cxd5 10. Bxa6 bxa6 11. O-O Qa5 12. Qc2 Bf5 13. Qb3 Bd3 14. Qb7 O-O 15. Rfc1 e6 16. Ne5 Qb5 17. Qe7 Rab8 18. Nxd3 Rbe8 19. Bd6 h5 20. h3 h4 1/2-1/2

[Event "FIDE Open Sachove Univerzity QCC"]
[Site "Ceske Budejovice"]
[Date "2020.07.08"]
[Round "8.26"]
[White "Gorej, Jan"]
[Black "Vavrousek, Petr"]
[Result "1-0"]
[ECO "D11"]
[WhiteElo "1247"]
[BlackElo "1605"]
[Annotator "NA RC"]
[PlyCount "56"]
[EventDate "2020.07.01"]
[EventType "swiss"]
[EventCountry "CZE"]
[SourceTitle "playchess.com"]
[Source "ChessBase"]
[SourceQuality "1"]
[TimeControl "40/5400+30:1800+30"]

1. d4 d5 2. c4 c6 3. Nf3 Nf6 4. Bf4 e6 5. Nbd2 Bb4 6. a3 Bd6 7. Ne5 Nh5 8. Be3 O-O 9. Qc2 Nd7 10. Ndf3 dxc4 11. Nxc4 Bc7 12. Bd2 Re8 13. e4 c5 14. Bd3 Nf4 15. Bf1 b5 16. Nce5 Nxe5 17. Nxe5 Bxe5 18. dxe5 Ng6 19. Bxb5 Bd7 20. Be2 Qc7 21. f4 Rec8 22. Bc4 Rab8 23. Ba6 Rd8 24. a4 Qb6 25. Bb5 Bxb5 26. axb5 Qxb5 27. Rxa7 h6 28. h3 Nh4 1-0

[Event "FIDE Open Sachove Univerzity QCC"]
[Site "Ceske Budejovice"]
[Date "2020.07.08"]
[Round "8.27"]
[White "Vojtek, Pavel"]
[Black "Veselsky, Jan"]
[Result "0-1"]
[ECO "B12"]
[WhiteElo "1292"]
[BlackElo "1580"]
[Annotator "NA"]
[PlyCount "70"]
[EventDate "2020.07.01"]
[EventType "swiss"]
[EventCountry "CZE"]
[SourceTitle "playchess.com"]
[Source "ChessBase"]
[SourceQuality "1"]
[TimeControl "40/5400+30:1800+30"]

1. e4 c6 2. d4 d5 3. e5 Bf5 4. Nf3 e6 5. Be2 c5 6. c3 Nc6 7. O-O Nge7 8. Be3 cxd4 9. cxd4 Bg4 10. h3 Bxf3 11. Bxf3 Nf5 12. Bg4 Nh4 13. Nd2 Be7 14. Nb3 Rc8 15. Rc1 O-O 16. Re1 Qb6 17. Re2 Nb4 18. a3 Rxc1 19. Nxc1 Nc6 20. Qb3 Nxd4 21. Bxd4 Qxd4 22. Qxb7 Bc5 23. Qb3 Ng6 24. Nd3 Bb6 25. Qc2 Rb8 26. Bh5 Ne7 27. Nb4 Rc8 28. Qd2 Qh4 29. Bg4 h5 30. Bf3 Nf5 31. Qd3 Rc1+ 32. Kh2 Nd4 33. Rd2 Qf4+ 34. g3 Nxf3+ 35. Kg2 Qxd2 0-1

[Event "FIDE Open Sachove Univerzity QCC"]
[Site "Ceske Budejovice"]
[Date "2020.07.08"]
[Round "8.28"]
[White "Martirosyan, David"]
[Black "Karweit, Alex W"]
[Result "1/2-1/2"]
[ECO "C93"]
[WhiteElo "1560"]
[BlackElo "1579"]
[Annotator "NA"]
[PlyCount "77"]
[EventDate "2020.07.01"]
[EventType "swiss"]
[EventCountry "CZE"]
[SourceTitle "playchess.com"]
[Source "ChessBase"]
[SourceQuality "1"]
[TimeControl "40/5400+30:1800+30"]

1. e4 e5 2. Nf3 Nc6 3. Bb5 a6 4. Ba4 Nf6 5. d3 b5 6. Bb3 h6 7. O-O Be7 8. c3 d6 9. h3 Bb7 10. Re1 O-O 11. Nbd2 Na5 12. Bc2 c5 13. Nf1 Qc7 14. Ng3 Rfe8 15. Nf5 Bf8 16. Bd2 Kh7 17. d4 g6 18. Ng3 Nc4 19. b3 Nxd2 20. Qxd2 b4 21. d5 bxc3 22. Qxc3 Rec8 23. Nd2 Bg7 24. Qe3 a5 25. Nc4 Ba6 26. Bd3 Rcb8 27. Rab1 Bb5 28. Ne2 Ne8 29. Nc3 Bd7 30. Qf3 Kg8 31. Rbc1 Qc8 32. Qg3 Kh7 33. f4 f6 34. fxe5 fxe5 35. Rf1 a4 36. bxa4 Bxa4 37. Rf7 Rb7 38. Rcf1 Raa7 39. Rxb7 1/2-1/2

[Event "FIDE Open Sachove Univerzity QCC"]
[Site "Ceske Budejovice"]
[Date "2020.07.08"]
[Round "8.29"]
[White "Barth Vit"]
[Black "Barta, David"]
[Result "0-1"]
[ECO "A56"]
[WhiteElo "1356"]
[BlackElo "1541"]
[Annotator "NA"]
[PlyCount "54"]
[EventDate "2020.07.01"]
[EventType "swiss"]
[EventCountry "CZE"]
[SourceTitle "playchess.com"]
[Source "ChessBase"]
[SourceQuality "1"]
[TimeControl "40/5400+30:1800+30"]

1. c4 c5 2. e3 d6 3. d4 Nf6 4. dxc5 dxc5 5. Qxd8+ Kxd8 6. Nc3 b6 7. Nf3 Bb7 8. Be2 a6 9. O-O Nbd7 10. Rd1 Kc7 11. Ng5 h6 12. Nxf7 Rh7 13. Bd3 g6 14. Bxg6 Rg7 15. Nd5+ Nxd5 16. Be4 Rxf7 17. Bxd5 Bxd5 18. cxd5 Nf6 19. f3 Rd8 20. e4 h5 21. Be3 Bg7 22. Rd2 Nd7 23. f4 Bh6 24. g3 Rg8 25. Kg2 h4 26. Kf3 hxg3 27. e5 Rgg7 0-1

[Event "FIDE Open Sachove Univerzity QCC"]
[Site "Ceske Budejovice"]
[Date "2020.07.10"]
[Round "9.1"]
[White "Hlavsa, Filip"]
[Black "Titera, Libor"]
[Result "1-0"]
[ECO "A07"]
[WhiteElo "1886"]
[BlackElo "1843"]
[Annotator "NA RC"]
[PlyCount "75"]
[EventDate "2020.07.01"]
[EventType "swiss"]
[EventCountry "CZE"]
[TimeControl "40/5400+30:1800+30"]

1. Nf3 d5 2. g3 Bg4 3. Bg2 Bxf3 4. Bxf3 c6 5. O-O f5 6. d3 Nf6 7. Nd2 e6 8. Qe1 Be7 9. e4 O-O 10. exf5 exf5 11. Qe6+ Kh8 12. Qxf5 Nbd7 13. Qh3 Bc5 14. Bd1 Ne5 15. Nb3 Bb6 16. d4 Nc4 17. c3 Qe7 18. Nd2 Nd6 19. Nf3 c5 20. Ne5 Kg8 21. dxc5 Bxc5 22. Nd3 Bb6 23. Bb3 Nc4 24. Bg5 Qd6 25. Rad1 Ne4 26. Bf4 Qf6 27. Nb4 Ned2 28. Bxd2 Bxf2+ 29. Kh1 Rae8 30. Nxd5 Qc6 31. Qg2 Re2 32. Bg5 Rfe8 33. Rxf2 Re1+ 34. Rf1 R1e2 35. Qf3 h6 36. Bc1 Kh8 37. Nf4 R2e4 38. Bc2 1-0

[Event "FIDE Open Sachove Univerzity QCC"]
[Site "Ceske Budejovice"]
[Date "2020.07.09"]
[Round "9.1"]
[White "Karweit, Alex W"]
[Black "Bastyr, Pavel"]
[Result "1-0"]
[ECO "B84"]
[WhiteElo "1579"]
[BlackElo "1439"]
[Annotator "NA"]
[PlyCount "43"]
[EventDate "2020.07.01"]
[EventType "swiss"]
[EventCountry "CZE"]
[SourceTitle "playchess.com"]
[Source "ChessBase"]
[SourceQuality "1"]
[TimeControl "40/5400+30:1800+30"]

1. e4 c5 2. Nf3 d6 3. d4 Nf6 4. Nc3 cxd4 5. Nxd4 a6 6. Be2 e6 7. g4 Nc6 8. g5 Nd7 9. h4 Qb6 10. Nb3 Nc5 11. Be3 Qc7 12. Nxc5 dxc5 13. Qd2 b5 14. O-O-O Bb7 15. Bf4 e5 16. Nd5 Qd8 17. Bg3 Nd4 18. c3 Nxe2+ 19. Qxe2 Qa5 20. Bxe5 Bxd5 21. exd5 Qxa2 22. Bxg7+ 1-0